 Dungeon Crawl Stone Soup version 0.29-a0-378-gc08b2e8bf8 (webtiles) character file.

Game seed: 5280202047942090809

308 Sabo the Covered (level 6, -10/39 HPs)
             Began as a Gargoyle Fighter on May 4, 2022.
             Was a Follower of Uskayaw.
             Killed by divine providence
             ... invoked by an orc priest
              (13 damage)
             ... on level 4 of the Dungeon.
             The game lasted 00:20:40 (4373 turns).

Sabo the Covered (Gargoyle Fighter)                 Turns: 4373, Time: 00:20:41

Health: -10/39     AC: 18    Str: 20    XL:     6   Next: 40%
Magic:  6/6        EV:  5    Int:  8    God:    Uskayaw [*.....]
Gold:   172        SH:  5    Dex: 11    Spells: 5/5 levels left

rFire   . . .      SeeInvis .   l - +4 short sword
rCold   . . .      Faith    .   c - +0 buckler
rNeg    + . .      Spirit   .   h - +0 plate armour
rPois   ∞          Reflect  .   (no helmet)
rElec   +          Harm     .   v - +0 cloak
rCorr   .          Rampage  .   (no gloves)
Will    .....                   o - +0 pair of boots
Stlth   ..........              (no amulet)
HPRegen 0.13/turn               w - ring of flight
MPRegen 0.10/turn               (no ring)

@: mighty, flying
A: sickness immunity, AC +4, negative energy resistance 1, electricity
resistance, torment resistance 1, petrification resistance
a: Renounce Religion, Stomp


You were on level 4 of the Dungeon.
You worshipped Uskayaw.
Uskayaw was noncommittal.
You visited 1 branch of the dungeon, and saw 4 of its levels.

You collected 172 gold pieces.

Inventory:

Hand Weapons
 a - a +0 war axe
 l - a +4 short sword (weapon)
 r - a +1 flail of protection
Missiles
 y - 2 datura-tipped darts (quivered)
Armour
 c - a +0 buckler (worn)
 h - a +0 plate armour (worn)
 o - a +0 pair of boots (worn)
 v - a +0 cloak (worn)
Jewellery
 w - a ring of flight (left hand)
Scrolls
 q - a scroll of magic mapping
 s - a scroll of teleportation {unknown}
 t - a scroll of poison
 x - a scroll of blinking {unknown}
Potions
 b - a potion of lignification {unknown}
 f - 2 potions of flight {unknown}
 i - a potion of attraction {unknown}
 j - 3 potions of curing {unknown}
 m - a potion of heal wounds {unknown}
 n - a potion of degeneration {unknown}
 p - 2 potions of mutation {unknown}
 u - a potion of magic {unknown}
 z - a potion of cancellation {unknown}


   Skills:
 + Level 4.6 Fighting
 + Level 2.0 Short Blades
 + Level 2.6 Axes
 + Level 0.5 Throwing
 + Level 4.7 Armour
 + Level 0.4 Stealth
 + Level 4.4 Shields


You had 5 spell levels left.
You didn't know any spells.
Your spell library contained the following spells:

 Spells                   Type           Power      Damage    Failure   Level
 Apportation              Tloc           0%         N/A       100%        1
 Ignite Poison            Fire/Tmut/Pois 0%         N/A       100%        3
 Mephitic Cloud           Conj/Pois/Air  0%         N/A       100%        3
 Petrify                  Tmut/Erth      0%         N/A       100%        4
 Alistair's Intoxication  Tmut/Pois      0%         N/A       100%        5
 Freezing Cloud           Conj/Ice/Air   0%         6-21      100%        5
 Irradiate                Conj/Tmut      0%         3d13      100%        5
 Sublimation of Blood     Necr           Unusable   N/A       N/A         2

Dungeon Overview and Level Annotations

Branches:
Dungeon (4/15)
 Temple: D:4-7

Altars:
Uskayaw

Shops:
D:1 :


Innate Abilities, Weirdness & Mutations

You are immune to sickness and miasma.
Your stone body is resilient. (AC +4)
You are immune to poison.
You resist negative energy. (rN+)
You are resistant to electric shocks. (rElec)
You are resistant to unholy torment.
You are immune to petrification.


Message History

Press: ? - help, Q - select action, (/) - cycle Shift-Dir - straight line, f/p - orc priest
Aim: an orc priest, wielding a +0 hand axe and wearing a +0 ring mail (61% to hit)
You throw a poisoned dart. The poisoned dart hits the orc priest.
The orc priest is poisoned.
The orc priest looks satisfied for a moment.
You see here a poisoned dart.
The orc priest looks more healthy.
The orc priest invokes the aid of Beogh against you.
Beogh smites you!
An orc priest comes into view. It is wielding a +0 dagger.
You see here a poisoned dart.
The orc priest looks braver for a moment.
You hit the orc priest but do no damage.
The orc priest is moderately wounded.
The orc priest calls upon Beogh to heal the orc priest.
The orc priest's wounds heal themselves!
You block the orc priest's attack.
You hit the orc priest.
The orc priest is moderately wounded.
The orc priest calls down the wrath of Beogh upon you.
Beogh smites you!
* * * LOW HITPOINT WARNING * * *
The orc priest barely misses you.
You closely miss the orc priest.
The orc priest is moderately wounded.
The orc priest completely misses you.
You barely miss the orc priest.
The orc priest is moderately wounded.
The orc priest hits you with a +0 hand axe.
* * * LOW HITPOINT WARNING * * *
You closely miss the orc priest.
The orc priest is moderately wounded.
The orc priest mumbles some strange prayers to Beogh against you.
Pain shoots through your body!
* * * LOW HITPOINT WARNING * * *
The orc priest hits you but does no damage.
You feel very mighty all of a sudden.
The orc priest calls down the wrath of Beogh upon you.
Beogh smites you!
You die...

.## #....###...# $.
... #.....#....##..
.... #.........#.(..
.... ##........(....
##..###.....#........
#.....#(....#........
#........o..(......##
#......(.@.o........#
####.................
###.)#.<........##
#....#..#>.....##
##......##.....#
##.))††##........
#.<.†..#........
##....#.........
#.......###...#


You could see 2 orc priests.

Vanquished Creatures
  An orc priest (D:4)
  Terence (D:2)
  Natasha (thrice) (D:2)
  2 orc wizards
  A gnoll (D:1)
  5 adders
  A worm (D:2)
  6 orcs
  8 ball pythons
  3 bats (D:3)
  9 endoplasms
  2 giant cockroaches
  4 goblins
  9 hobgoblins
  2 jackals (D:1)
  3 kobolds
  A quokka (D:1)
  3 frilled lizards
  6 rats
70 creatures vanquished.

Vanquished Creatures (others)
  3 plants (D:2)
3 creatures vanquished.

Grand Total: 73 creatures vanquished

Notes
Turn   | Place    | Note
-------+----------+-------------------------------------------
     0 | D:1      | Sabo the Gargoyle Fighter began the quest for the Orb.
     0 | D:1      | Reached XP level 1. HP: 14/14 MP: 1/1
   523 | D:1      | Found Umaner's Book Shoppe.
   556 | D:1      | Reached XP level 2. HP: 19/19 MP: 2/2
  1129 | D:1      | Reached XP level 3. HP: 21/24 MP: 3/3
  2092 | D:2      | Noticed Natasha
  2103 | D:2      | Killed Natasha
  2104 | D:2      | Reached XP level 4. HP: 29/29 MP: 4/4
  2130 | D:2      | Noticed Natasha
  2138 | D:2      | Killed Natasha
  2252 | D:2      | Found a faded altar of an unknown god.
  2314 | D:2      | Prayed at the altar of an unknown god.
  2314 | D:2      | Became a worshipper of Uskayaw the Reveller
  2314 | D:2      | Reached * piety under Uskayaw
  2384 | D:2      | Reached ** piety under Uskayaw
  2689 | D:2      | Noticed Natasha
  2700 | D:2      | Killed Natasha
  2701 | D:2      | Reached XP level 5. HP: 22/34 MP: 5/5
  2859 | D:2      | Noticed Terence
  2888 | D:2      | Killed Terence
  3584 | D:3      | Reached skill level 1 in Short Blades
  4252 | D:4      | Reached XP level 6. HP: 39/39 MP: 6/6
  4373 | D:4      | Killed from afar by an orc priest

Illustrated notes

Levels and vault maps discovered:
D:1:      amcnicky_arrival_blooded_trapdoor, layout_basic, serial_shops,
          nicolae_shop_statue_plus
D:2:      layout_loops_ring, hellmonk_ecumenical_altar_slurped_away,
          serial_forest, infiniplex_forest_end_1, infiniplex_forest_end_3,
          infiniplex_forest_clump_cross, infiniplex_forest_lined_room_2,
          infiniplex_forest_straight_2, infiniplex_forest_lined_room_2,
          infiniplex_forest_end_double, infiniplex_forest_lined_corner,
          uniq_natasha, uniq_terence
D:3:      layout_rooms, minmay_door_square, minivault_25,
          minmay_misc_feat_cross, chequers_hall_statues_corner_a
D:4:      layout_cave_pools

Skill      XL: |  1  2  3  4  5  6 |
---------------+-------------------+-----
Axes           | 2 |  2.6
Fighting       | 4 |  4.6
Shields        | 4 |  4.4
Armour         | 4 |  4.7
Short Blades   | 1 2 |  2.0
Throwing       | |  0.5
Stealth        | |  0.4

Action                   |  1- 3 |  4- 6 || total
-------------------------+-------+-------++-------
Melee: War axe           |    55 |       ||    55
       Short sword       |    22 |   163 ||   185
Throw: Dart              |     4 |    19 ||    23
  Use: Scroll            |       |     4 ||     4
       Potion            |       |     1 ||     1
Armor: Scale mail        |     5 |       ||     5
       Plate armour      |    51 |   119 ||   170
Dodge: Dodged            |    14 |    29 ||    43
Block: Buckler           |     7 |    33 ||    40

Table legend: (Time is in decaauts)
 A = Elapsed time spent in this place.
 B = Non-inter-level travel time spent in this place.
 C = Inter-level travel time spent in this place.
 D = Time resting spent in this place.
 E = Time spent auto-exploring this place.
 F = Levels seen in this place.
 G = Mean time per level.
                   A        B        C        D        E       F      G
               +--------+--------+--------+--------+--------+-----+--------+
         Total |   4416 |   4416 |      0 |   1145 |      0 |   4 | 1104.0 |
       Dungeon |   4416 |   4416 |      0 |   1145 |      0 |   4 | 1104.0 |
               +--------+--------+--------+--------+--------+-----+--------+

Top non-repeatable levels by time:
     D:1: 1895 daAuts
     D:2: 1645 daAuts
     D:3: 763 daAuts
     D:4: 111 daAuts
